Map: Simulacrum LE

Players

Shampoo - Winner!

  • Race: Protoss Protoss
  • League: Diamond
  • Spawn Location: 5:00

ViBE

  • Race: Terran Terran
  • League: Diamond
  • Spawn Location: 11:00

VOD

Have the link to the VOD?

Description

Time

  • Played on: Dec. 23, 2019, 2:43 a.m.
  • Length: 3:27
Show
View Real Time Build Order
Export as new Build Order

Shampoo Protoss - Winner!

Build Orders:  

Get SALT Encoding   

  12  0:01  Probe  
  13  0:13  Probe  
  14  0:20  Pylon  
  14  0:25  Probe  
  15  0:38  Probe  
  15  0:39  Gateway  
  16  0:48  Assimilator  
  16  0:50  Probe  
  16  0:55  Pylon  
  17  1:02  Probe  
  18  1:14  Probe  
  18  1:15  Gateway  
  19  1:27  Cybernetics Core  
  19  1:32  Zealot  
  21  1:38  Probe  
  22  1:42  Assimilator  
  22  1:50  Probe  
  23  2:01  Stalker (Chrono Boost)  
  23  2:02  Stalker (Chrono Boost)  
  27  2:15  Probe  
  28  2:19  Pylon  
  28  2:25  Stalker (Chrono Boost)  
Show
View Real Time Build Order
Export as new Build Order

ViBE Terran 

Build Orders: Reaper Expand 

Get SALT Encoding   

  12  0:00  SCV  
  13  0:13  SCV  
  14  0:18  Supply Depot  
  14  0:25  SCV  
  15  0:40  SCV  
  15  0:41  Barracks  
  16  0:46  Refinery  
  16  0:52  SCV  
  17  1:04  SCV  
  18  1:17  SCV  
  19  1:29  Orbital Command  
  19  1:31  Reaper  
  20  1:45  Command Center  
  20  1:55  SCV  
  21  2:07  SCV  
  22  2:09  Supply Depot  
  22  2:19  SCV  
  23  2:30  Marine  
  24  2:37  Bunker, Barracks  
  24  2:38  SCV  
  24  2:39  Factory  
  24  2:48  Marine  
  23  3:06  Marine  
  23  3:08  SCV  
Tags
 
Add a new tag
Caveats
  • Supply blocks, unpowered buildings, or Contaminate may cause inaccurate times.
  • Supply counts are checked every 10 seconds.